 Dungeon Crawl Stone Soup version 0.22.1-1-ga44c0e56f4 (webtiles) character file.

629678 Milmulnir the Conqueror (level 27, -1/273 HPs)
             Began as a Hill Orc Fighter on Sept 22, 2018.
             Was the Champion of Cheibriados.
             Killed from afar by an orb of fire (28 damage)
             ... with a bolt of fire
             ... on level 5 of the Realm of Zot on Sept 24, 2018.
             The game lasted 12:10:07 (77734 turns).

Milmulnir the Conqueror (Hill Orc Fighter)         Turns: 77734, Time: 12:10:08

Health: -1/273     AC: 37    Str: 45    XL:     27
Magic:  28/30      EV: 10    Int: 25    God:    Cheibriados [******]
Gold:   3819       SH: 34    Dex: 31    Spells: 18/26 levels left

rFire    + + .     SeeInvis .   p - +8 broad axe (elec)
rCold    + + .     Gourm    .   T - +2 large shield {reflect}
rNeg     + + .     Faith    .   M - +10 plate armour {ponderous}
rPois    +         Spirit   .   S - -2 hat of the Alchemist {rElec rPois rF+ rC+ rN+ MR+ rMut rCorr}
rElec    +         Reflect  +   V - +1 cloak of the Cricket {rC+}
rCorr    +         Harm     .   i - +0 pair of gloves
rMut     +         Clarity  +   H - +0 pair of boots {Fly}
MR       +++++                  Z - amulet "Ristola" {RegenMP rElec MR+}
Stlth    ..........             z - ring of protection from fire
HPRegen  0.00/turn              m - ring of Exzehigi {*Contam rElec rN+ MR++ Dex+4}
MPRegen  0.47/turn

@: flying, very slow
A: agile 1, clarity, clever 1, sense surroundings 1, poison resistance,
screaming 1, inhibited regeneration, weak 1
}: 3/15 runes: barnacled, silver, gossamer
a: Bend Time, Temporal Distortion, Slouch, Step From Time, Renounce Religion


You were on level 5 of the Realm of Zot.
You worshipped Cheibriados.
Cheibriados was exalted by your worship.
You were not hungry.

You visited 10 branches of the dungeon, and saw 50 of its levels.
You visited the Abyss 3 times.
You also visited: Ice Cave and Wizlab.

You collected 7531 gold pieces.
You spent 3712 gold pieces at shops.

Inventory:

Hand Weapons
 p - a +8 broad axe of electrocution (weapon)
 J - a +2 hand axe of flaming
Missiles
 D - 3 poisoned tomahawks (quivered)
 R - 31 tomahawks
Armour
 f - a +0 helmet of see invisible
 i - a +0 pair of gloves (worn)
 H - a +0 pair of boots of flying (worn)
 M - a +10 plate armour of ponderousness (worn)
 S - the -2 hat of the Alchemist (worn) {rElec rPois rF+ rC+ rN+ MR+ rMut rCorr}
   (You found it on level 1 of the Depths)

   It protects you from fire.
   It protects you from cold.
   It insulates you from electricity.
   It protects you from poison.
   It protects you from negative energy.
   It affects your resistance to hostile enchantments.
   It provides partial protection from all sources of acid and corrosion.
   It protects you from mutation.
 T - a +2 large shield of reflection (worn)
 V - the +1 cloak of the Cricket (worn) {rC+}
   (You found it on level 1 of the Spider Nest)

   It protects you from cold.
Jewellery
 j - the ring of Bigax {Dex+4 SInv}
   (You took it off a deep elf high priest on level 3 of the Elven Halls)

   [ring of see invisible]

   It affects your dexterity (+4).
   It lets you see invisible.
 k - an uncursed amulet of guardian spirit
 m - the ring of Exzehigi (right hand) {*Contam rElec rN+ MR++ Dex+4}
   (You took it off an ironheart preserver on level 5 of the Vaults)

   [ring of dexterity]

   It affects your dexterity (+4).
   It insulates you from electricity.
   It protects you from negative energy.
   It affects your resistance to hostile enchantments.
   It causes magical contamination when unequipped.
 z - a ring of protection from fire (left hand)
 O - an uncursed ring of resist corrosion
 Z - the amulet "Ristola" (around neck) {RegenMP rElec MR+}
   (You found it on level 11 of the Dungeon)

   [amulet of magic regeneration]

   It increases your magic regeneration.
   It insulates you from electricity.
   It affects your resistance to hostile enchantments.
Wands
 c - a wand of polymorph (14)
 t - a wand of digging (41)
 E - a wand of acid (9)
 W - a wand of disintegration (39)
Scrolls
 g - 14 scrolls of teleportation
 l - 2 scrolls of summoning
 r - 20 scrolls of remove curse
 s - 6 scrolls of fear
 u - 3 scrolls of brand weapon
 v - 7 scrolls of amnesia
 x - 3 scrolls of silence
 C - 2 scrolls of fog
 F - 15 scrolls of identify
 G - 8 scrolls of blinking
 X - 2 scrolls of holy word
Potions
 a - 2 potions of flight
 d - a potion of might
 e - 3 potions of cancellation
 h - 2 potions of agility
 n - a potion of resistance
 q - 3 potions of magic
 w - 9 potions of mutation
 A - 2 potions of invisibility
 I - 11 potions of curing
 P - a potion of ambrosia
 Y - 5 potions of brilliance
Comestibles
 Q - 68 rations


   Skills:
 O Level 27 Fighting
 - Level 18.0(18.1) Axes
 - Level 12.0 Throwing
 * Level 25.8 Armour
 O Level 27 Shields
   Level 7.9 Hexes
 - Level 5.0 Charms
 - Level 5.0 Necromancy
 - Level 5.0 Translocations
 - Level 10.0 Invocations


You had 18 spell levels left.
You knew the following spells:

 Your Spells              Type           Power        Failure   Level  Hunger
a - Blink                 Tloc           N/A          5%          2    ###....
b - Infusion              Chrm           ####         3%          1    ##.....
c - Song of Slaying       Chrm           ####....     5%          2    ###....
d - Regeneration          Chrm/Necr      ####......   11%         3    ####...

Your spell library contained the following spells:

 Spells                   Type           Power        Failure   Level  Hunger
 Slow                     Hex            #####...     1%          2    ###....
 Pain                     Necr           ####         3%          1    ##.....
 Shroud of Golubria       Chrm/Tloc      ####......   5%          2    ###....
 Sublimation of Blood     Necr           ####......   5%          2    ###....
 Spectral Weapon          Hex/Chrm       ####....     6%          3    ####...
 Ensorcelled Hibernation  Hex/Ice        ###...       9%          2    ###....
 Gell's Gravitas          Tloc           ####......   11%         3    ####...
 Lesser Beckoning         Tloc           ####......   11%         3    ####...
 Teleport Other           Tloc           ####....     11%         3    ####...
 Cause Fear               Hex            #####.....   11%         4    #####..
 Dazzling Spray           Conj/Hex       ###...       17%         3    ####...
 Summon Guardian Golem    Hex/Summ       ###.....     17%         3    ####...
 Beastly Appendage        Tmut           #.....       28%         1    ##.....
 Freeze                   Ice            #...         28%         1    ##.....
 Magic Dart               Conj           #...         28%         1    ##.....
 Sandblast                Erth           #.....       28%         1    ##.....
 Summon Small Mammal      Summ           #...         28%         1    ##.....
 Ozocubu's Armour         Chrm/Ice       ##......     30%         3    ####...
 Recall                   Summ/Tloc      N/A          30%         3    ####...
 Animate Dead             Necr           N/A          34%         4    #####..
 Passage of Golubria      Tloc           N/A          34%         4    #####..
 Call Imp                 Summ           #.......     38%         2    ###....
 Passwall                 Tmut/Erth      #.......     38%         2    ###....
 Poisonous Vapours        Pois/Air       #.....       38%         2    ###....
 Searing Ray              Conj           #.....       38%         2    ###....
 Sticks to Snakes         Tmut           #.......     38%         2    ###....
 Throw Frost              Conj/Ice       #.....       38%         2    ###....
 Fulminant Prism          Conj/Hex       ###.......   50%         4    #####..
 Call Canine Familiar     Summ           #.......     63%         3    ####...
 Conjure Flame            Conj/Fire      #.......     63%         3    ####...
 Mephitic Cloud           Conj/Pois/Air  #.......     63%         3    ####...
 Spider Form              Tmut/Pois      #.........   63%         3    ####...
 Stone Arrow              Conj/Erth      #.....       63%         3    ####...
 Force Lance              Conj/Tloc      ##......     69%         4    #####..
 Agony                    Necr           ####....     69%         5    ######.
 Dispel Undead            Necr           ####....     69%         5    ######.
 Excruciating Wounds      Chrm/Necr      ####......   69%         5    ######.
 Silence                  Hex/Air        ###.......   83%         5    ######.
 Yara's Violent Unravell  Hex/Tmut       ###.......   83%         5    ######.
 Darkness                 Hex            #####.....   86%         6    #######
 Ice Form                 Ice/Tmut       #.......     95%         4    #####..
 Iskenderun's Mystic Bla  Conj           #.......     95%         4    #####..
 Petrify                  Tmut/Erth      #.......     95%         4    #####..
 Summon Ice Beast         Ice/Summ       #.......     95%         4    #####..
 Summon Lightning Spire   Summ/Air       #.......     95%         4    #####..
 Borgnjor's Vile Clutch   Necr/Erth      ##........   95%         5    ######.
 Iskenderun's Battlesphe  Conj/Chrm      ##......     95%         5    ######.
 Summon Forest            Summ/Tloc      ##........   95%         5    ######.
 Alistair's Intoxication  Tmut/Pois      #.......     100%        5    ######.
 Blade Hands              Tmut           #.........   100%        5    ######.
 Bolt of Magma            Conj/Fire/Erth #.........   100%        5    ######.
 Summon Demon             Summ           #.........   100%        5    ######.
 Venom Bolt               Conj/Pois      #.........   100%        5    ######.
 Bolt of Cold             Conj/Ice       #.........   100%        6    #######
 Conjure Ball Lightning   Conj/Air       #.........   100%        6    #######
 Deflect Missiles         Chrm/Air       ##........   100%        6    #######
 Freezing Cloud           Conj/Ice/Air   #.........   100%        6    #######
 Iron Shot                Conj/Erth      #.........   100%        6    #######
 Ozocubu's Refrigeration  Ice            #.........   100%        6    #######
 Shadow Creatures         Summ           N/A          100%        6    #######
 Simulacrum               Ice/Necr       ##........   100%        6    #######
 Statue Form              Tmut/Erth      #........    100%        6    #######
 Haunt                    Necr/Summ      ##........   100%        7    #######
 Orb of Destruction       Conj           #.........   100%        7    #######
 Ring of Flames           Chrm/Fire      ##........   100%        7    #######
 Spellforged Servitor     Conj/Summ      #.........   100%        7    #######
 Borgnjor's Revivificati  Necr           ####......   100%        8    #######
 Controlled Blink         Tloc           N/A          100%        8    #######
 Death's Door             Chrm/Necr      ####......   100%        8    #######
 Discord                  Hex            #####.....   100%        8    #######
 Infestation              Necr           ####......   100%        8    #######
 Necromutation            Tmut/Necr      ##........   100%        8    #######
 Tornado                  Air            #.........   100%        9    #######


Dungeon Overview and Level Annotations

Branches:
Dungeon (15/15)            Temple (1/1) D:5            Lair (6/6) D:9
 Shoals (4/4) Lair:3       Spider (4/4) Lair:2        Slime (0/5) Lair:5
    Orc (2/2) D:12            Elf (3/3) Orc:2        Vaults (5/5) D:14
  Crypt (0/3) Vaults:2     Depths (5/5) D:15            Zot (5/5) Depths:5

Altars:
Ashenzari
Cheibriados
Dithmenos
Elyvilon
Fedhas
Hepliaklqana
Kikubaaqudgha
Nemelex Xobeh
Okawaru
Qazlal
Trog
Uskayaw
Vehumet
Wu Jian
Xom
Yredelemnul
Zin
Beogh

Shops:
D:12 =*[=[   D:14 !=[:!   Orc:2 *(:[[   Elf:1 [(   Elf:2 ([   Shoals:3 [:
Shoals:4 !:!   Vaults:1 [   Vaults:4 *   Depths:4 ==}

Portals:
Hell: Depths:1 Depths:2 Depths:3 Depths:4 Depths:5
Abyss: Depths:2 Depths:3 Depths:4 Depths:5
Pandemonium: Depths:1 Depths:2 Depths:3 Depths:4
Ziggurat: Depths:5
Bazaar: Shoals:1

Annotations:
D:4 exclusion: statue


Innate Abilities, Weirdness & Mutations

You are agile. (Dex +2)
You possess an exceptional clarity of mind.
Your mind is acute. (Int +2)
You passively map a small area around you.
Your system is resistant to poisons. (rPois)
You occasionally shout uncontrollably at your foes.
You do not regenerate when monsters are visible.
You are weak. (Str -2)


Message History

The orb of fire glows yellow.
Strange energies course through your body.
Your regeneration stops near monsters.
Your skin stops crawling.
The orb of fire glows deep purple.
The bolt of fire hits you! You resist.
* * * LOW HITPOINT WARNING * * *
The orb of fire glows bright magenta.
The fireball explodes!
The fireball engulfs you! You resist.
* * * LOW HITPOINT WARNING * * *
The orb of fire glows yellow.
The bolt of fire hits you! You resist.
* * * LOW HITPOINT WARNING * * *
You feel better.
Casting: Regeneration (safe; 11% risk of failure)
Confirm with . or Enter, or press ? or * to list all spells.
You blink.
The orb of fire emits a lurid red light.
The bolt of fire hits you! You resist.
You die...

,**#.............(^##*,,,,...*,,,
,* *#.............## *,,,,,...,,,
,* #.............# *,,,,,,..,,,
,* *#...........## *,,,,,,,.,,,
,* #...........# *,,,,,,,,,,, ,*
##....^.*....## *,,,,,,,,,,, **
#......ยง^.....# **,,,,,,,,,, *
*#.............## **,,,,,,,,,
#............@..# **,,,,,,,,
โ–“โ–“โ–“########.########
######### .#.................#
###.##..... .#.................#
#...##..... ##.................#
#.#.##..... ##.................#
#.#.##.....
...................####.#..'.....
#..................'......##.....
#..................####'####.....


You could see an orb of fire.

Vanquished Creatures
  6 ancient liches
  2 orbs of fire (Zot:5)
  Boris (Vaults:5)
  A curse toe (Zot:4)
  2 Killer Klowns
  4 golden dragons
  Nikola (Depths:2)
  Jory (Depths:5)
  A bone dragon (Abyss:3)
  6 electric golems
  17 tentacled monstrosities
  10 Orb Guardians (Zot:5)
  9 liches
  4 titans (Vaults:5)
  2 deep elf master archers (Elf:3)
  5 quicksilver dragons
  A kraken (Shoals:4)
  4 deep elf blademasters (Elf:3)
  Kirke (Spider:1)
  5 draconian monks
  Polyphemus (Shoals:2)
  5 sphinxes
  12 death cobs
  Agnes (Spider:2)
  Roxanne (Elf:3)
  3 tentacled starspawn
  8 storm dragons
  Ilsuiw (Shoals:3)
  15 shadow dragons
  12 tengu reavers
  14 fire giants
  2 iron dragons (Depths:5)
  3 draconian knights
  11 deep elf sorcerers
  2 draconian scorchers
  18 vault wardens
  14 frost giants
  An orc warlord (Orc:2)
  Louise (Depths:5)
  4 emperor scorpions
  4 draconian shifters
  2 draconian stormcallers
  14 ironheart preservers
  10 ghost moths
  4 draconian annihilators
  8 deep elf elementalists
  2 war gargoyles
  An ophan (Abyss:3)
  10 green draconians
  35 very ugly things
  6 entropy weavers
  8 deep elf demonologists
  Nessos (Orc:2)
  A lorocyproca (Abyss:2)
  19 stone giants
  9 black draconians
  2 vampire knights
  A dire elephant (D:15)
  5 purple draconians
  8 spark wasps
  2 deep elf annihilators
  10 white draconians
  10 red draconians
  7 yellow draconians
  2 blizzard demons
  10 deep elf death magi
  7 ettins
  A crystal guardian (Vaults:2)
  2 jiangshi (Depths:2)
  The ghost of Udus the Unseen, a journeyman SpEn of Dithmenos (Shoals:2)
  3 mummy priests (WizLab)
  Josephine (D:12)
  4 merfolk javelineers
  14 great orbs of eyes
  7 merfolk impalers
  13 yaktaur captains
  7 deep elf high priests (Elf:3)
  11 fire dragons
  9 ice dragons
  Fannar (D:12)
  33 vault guards
  Harold (D:8)
  7 hydras
  2 spriggan air magi (Depths:2)
  5 catoblepae
  A monstrous demonspawn (Depths:3)
  An alligator snapping turtle (Shoals:3)
  13 ogre magi
  A death knight (Vaults:4)
  3 rakshasas
  10 centaur warriors
  3 merfolk avatars
  45 two-headed ogres
  4 satyrs
  9 merfolk aquamancers
  30 dancing weapons
  A queen ant (Spider:3)
  An alligator (shapeshifter) (Vaults:3)
  4 death yaks (Shoals:2)
  7 tengu warriors
  5 spriggan berserkers
  3 vampire magi
  3 deep troll shamans
  7 thrashing horrors
  6 orc high priests
  7 deep troll earth magi
  Urug (Orc:1)
  A shock serpent (shapeshifter) (Vaults:5)
  5 hell knights (Depths:5)
  13 large abominations
  A sun demon (Depths:3)
  19 deep elf knights
  2 shadow wraiths
  14 small abominations
  3 skeletal warriors (Vaults:1)
  2 wretched stars
  3 unseen horrors
  4 iron trolls
  A gelid demonspawn (Depths:3)
  An infernal demonspawn (Depths:2)
  20 sea snakes
  A torturous demonspawn (Depths:2)
  7 glowing orange brains
  19 deep trolls
  9 wizards
  15 ironbrand convokers
  6 necromancers
  A flayed ghost (Vaults:2)
  9 deep elf archers
  An obsidian statue (D:7)
  13 harpies
  14 orc knights
  An orb spider (shapeshifter) (Vaults:1)
  44 ugly things
  A cyclops (shapeshifter) (Depths:1)
  6 orc sorcerers
  A shining eye (Abyss:2)
  48 deep elf magi
  20 wolf spiders
  15 orb spiders
  17 fauns
  2 demonspawn zombies (WizLab)
  7 cyclopes
  13 manticores
  A worldbinder (Abyss:3)
  Maurice (D:9)
  4 centaur zombies
  19 moths of wrath
  An iron dragon skeleton (Abyss:3)
  5 black mambas
  12 elephants
  2 water nymphs
  2 eyes of devastation (shapeshifter)
  Psyche (D:8)
  4 smoke demons
  2 molten gargoyles (Depths:4)
  An eye of devastation (Abyss:2)
  2 naga magi (Depths:1)
  A gargoyle (D:13)
  2 torpor snails (Spider:4)
  5 ice statues
  11 vault sentinels
  12 merfolk sirens
  A spiny frog (shapeshifter) (Elf:1)
  5 centaur skeletons
  2 hellions
  3 spiny frogs
  2 efreet
  8 komodo dragons
  A komodo dragon (shapeshifter) (Vaults:3)
  40 yaktaurs
  6 freezing wraiths
  10 demonic crawlers
  22 starcursed masses (Abyss:3)
  5 kobold demonologists
  A guardian mummy (WizLab)
  A rime drake (Lair:3)
  3 hellwings (Abyss:3)
  9 ice devils
  33 merfolk
  5 ancient zymes
  2 red devils
  7 tengu conjurers
  A jumping spider (shapeshifter) (Vaults:1)
  2 trolls (shapeshifter)
  11 hornets
  2 polar bears (shapeshifter)
  8 trolls
  4 polar bears (Lair:6)
  7 wind drakes
  36 jumping spiders
  4 tyrant leeches (Depths:5)
  8 raiju
  2 snapping turtles (shapeshifter)
  An ettin zombie (WizLab)
  11 hippogriffs
  12 slime creatures
  12 blink frogs
  A fire dragon zombie (WizLab)
  9 snapping turtles
  A blink frog (shapeshifter) (Depths:5)
  A deep troll zombie (WizLab)
  12 dream sheep
  An ice dragon zombie (WizLab)
  2 meliai zombies
  Sigmund (D:4)
  67 redbacks
  A ynoxinul (Abyss:2)
  2 shadows (D:15)
  13 spriggans (Lair:6)
  64 yaks
  2 air elementals (Elf:1)
  3 wyverns
  28 water elementals
  2 fire bats
  27 tarantellas
  A vampire (D:14)
  13 wraiths
  2 hogs (D:8)
  A fire bat (shapeshifter) (Depths:5)
  7 basilisks
  4 golden eyes
  A human (D:8)
  3 hungry ghosts
  5 fire elementals
  3 neqoxecs
  A steam dragon (shapeshifter) (Vaults:5)
  A chaos spawn (Abyss:3)
  6 wargs
  An insubstantial wisp (Abyss:2)
  2 acid dragons (D:15)
  24 soldier ants (Spider:3)
  6 water moccasins
  2 floating eyes (shapeshifter)
  A hell hound (Depths:4)
  8 porcupines
  2 floating eyes
  42 orc warriors
  3 eyes of draining
  3 sky beasts
  4 black bears
  3 ice beasts
  35 ogres
  2 phantoms
  16 boggarts
  21 wolves
  An ettin simulacrum (Vaults:1)
  A necrophage (D:11)
  22 centaurs
  9 crocodiles
  6 elf zombies
  2 big kobolds (D:12)
  21 bullfrogs
  7 earth elementals
  6 scorpions
  A wyvern skeleton (D:12)
  16 killer bees
  15 wights
  2 howler monkeys (D:4)
  2 electric eels (D:7)
  10 crimson imps
  A draconian simulacrum (IceCv)
  4 bullfrog zombies
  5 quasits
  7 hounds
  A human simulacrum (Vaults:2)
  2 jellies
  15 orc priests
  4 human zombies (D:9)
  Crazy Yiuf (D:5)
  4 bullfrog skeletons
  3 iron imps
  2 human skeletons (D:9)
  6 iguanas
  Ijyb (D:3)
  27 orc wizards
  5 hell rats (Lair:6)
  Terence (D:2)
  A troll simulacrum (IceCv)
  31 worker ants
  3 spriggan simulacra (IceCv)
  3 centaur simulacra
  A hound skeleton (D:11)
  A mummy (D:9)
  A worker ant zombie (D:5)
  5 adders
  6 gnolls
  A howler monkey skeleton (D:5)
  2 naga simulacra (IceCv)
  An ogre simulacrum (IceCv)
  8 shadow imps
  13 white imps
  2 ufetubi (Abyss:3)
  An adder zombie (D:4)
  2 adder skeletons (D:4)
  8 leopard geckos
  116 orcs
  5 bats
  2 giant cockroaches
  6 goblins
  11 hobgoblins
  14 jackals
  6 quokkas
  A ball python (D:3)
  8 frilled lizards
  9 kobolds
  A leopard gecko skeleton (D:4)
  2 quokka skeletons
  A quokka zombie (D:9)
  11 rats
  2 crawling corpses (Vaults:5)
  4 fungi
  3 plants
  2 starspawn tentacles (Abyss:3)
  3 tentacles (Shoals:4)
2398 creatures vanquished.

Vanquished Creatures (collateral kills)
  An orc (Vaults:2)
1 creature vanquished.

Vanquished Creatures (others)
  Arachne (Spider:3)
  A storm dragon (Vaults:5)
  3 stone giants
  A green draconian (Zot:2)
  2 merfolk javelineers
  6 yaktaur captains
  An ettin (Depths:5)
  A centaur warrior (Vaults:4)
  A two-headed ogre (Vaults:3)
  2 satyrs (Shoals:4)
  A tengu warrior (Depths:1)
  3 deep elf archers
  2 orb spiders
  2 fauns
  3 cyclopes
  A moth of wrath (Zot:4)
  10 yaktaurs
  A red devil (Depths:3)
  A merfolk (Shoals:3)
  A blink frog (shapeshifter) (Vaults:5)
  5 humans (Spider:2)
  4 centaurs
  An iguana (D:13)
  An orc (Orc:2)
  3 fungi
  70 plants
  14 starspawn tentacles
  2 tentacles (Shoals:4)
144 creatures vanquished.

Grand Total: 2543 creatures vanquished

Notes
Turn   | Place    | Note
-------+----------+-------------------------------------------
     0 | D:1      | Milmulnir the Hill Orc Fighter began the quest for the Orb.
     0 | D:1      | Reached XP level 1. HP: 19/19 MP: 1/1
   123 | D:1      | Reached XP level 2. HP: 27/27 MP: 2/2
   272 | D:1      | Found a shimmering altar of Xom.
   274 | D:1      | Found a radiant altar of Vehumet.
   274 | D:1      | Found a hazy altar of Hepliaklqana.
   278 | D:1      | Found a burning altar of Makhleb.
   278 | D:1      | Found a hazy altar of Hepliaklqana.
   278 | D:1      | Found a sparkling altar of Nemelex Xobeh.
   693 | D:2      | Found a snail-covered altar of Cheibriados.
   696 | D:2      | Became a worshipper of Cheibriados the Contemplative
   773 | D:2      | Noticed Terence
   780 | D:2      | Killed Terence
   780 | D:2      | Reached XP level 3. HP: 33/33 MP: 3/3
   827 | D:2      | Reached skill level 5 in Axes
  1037 | D:2      | Reached XP level 4. HP: 39/40 MP: 4/4
  1406 | D:3      | Reached * piety under Cheibriados
  1742 | D:3      | Noticed Ijyb
  1756 | D:3      | Killed Ijyb
  1763 | D:3      | Reached XP level 5. HP: 40/46 MP: 5/5
  2742 | D:4      | Reached XP level 6. HP: 45/52 MP: 6/6
  2755 | D:4      | Noticed Sigmund
  2770 | D:4      | Killed Sigmund
  2897 | D:4      | Reached XP level 7. HP: 56/58 MP: 7/7
  2904 | D:4      | Reached ** piety under Cheibriados
  2904 | D:4      | Reached skill level 10 in Axes
  3248 | D:4      | Found a radiant altar of Vehumet.
  3513 | D:4      | Found an ancient bone altar of Kikubaaqudgha.
  3704 | D:5      | Entered Level 5 of the Dungeon
  3906 | D:5      | Reached XP level 8. HP: 59/66 MP: 8/8
  3920 | D:5      | Found a staircase to the Ecumenical Temple.
  3951 | Temple   | Entered the Ecumenical Temple
  4061 | D:5      | Found an ornate altar of the Wu Jian Council.
  4091 | D:5      | Found a sparkling altar of Nemelex Xobeh.
  4129 | D:5      | Reached *** piety under Cheibriados
  4569 | D:5      | Found a runed door.
  4573 | D:5      | Noticed Crazy Yiuf
  4579 | D:5      | Killed Crazy Yiuf
  4585 | D:5      | Got a transparent mace
  4586 | D:5      | Identified the +5 mace of Egomania {crush, rPois} (You
                  | found it on level 5 of the Dungeon)
  5016 | D:6      | Found a white marble altar of Elyvilon.
  5187 | D:6      | Reached **** piety under Cheibriados
  5187 | D:6      | Reached XP level 9. HP: 71/71 MP: 9/9
  5904 | D:7      | Reached skill level 15 in Axes
  6085 | D:7      | Found a shattered altar of Ashenzari.
  6096 | D:7      | Reached skill level 5 in Fighting
  6220 | D:7      | Found a hazy altar of Hepliaklqana.
  6579 | D:7      | Noticed an obsidian statue
  6583 | D:7      | Noticed a hellwing
  6600 | D:7      | Noticed an orange demon
  6600 | D:7      | Noticed a smoke demon
  6601 | D:7      | Noticed a soul eater
  6601 | D:7      | Noticed an orange demon
  6606 | D:7      | Noticed a sun demon
  6606 | D:7      | Killed an obsidian statue
  6612 | D:7      | Got a brightly glowing quarterstaff
  6632 | D:7      | Identified the +5 quarterstaff of Akujiped {freeze,
                  | *Corrode Int+6} (You found it on level 7 of the Dungeon)
  6796 | D:8      | Reached XP level 10. HP: 84/84 MP: 10/10
  6839 | D:8      | Reached ***** piety under Cheibriados
  6853 | D:8      | Found a glowing silver altar of Zin.
  6857 | D:8      | Noticed Harold
  6877 | D:8      | Killed Harold
  7107 | D:8      | Got a shimmering chain mail
  7118 | D:8      | Identified the cursed +0 chain mail of the Unstoppable Suns
                  | {Str+6} (You found it on level 8 of the Dungeon)
  7207 | D:8      | Noticed Psyche
  7218 | D:8      | Killed Psyche
  7312 | D:8      | Reached skill level 10 in Fighting
  7831 | D:9      | Noticed Maurice
  7850 | D:9      | Killed Maurice
  7962 | D:9      | Found a blossoming altar of Fedhas.
  8103 | D:9      | Found an iron altar of Okawaru.
  8103 | D:9      | Found a bloodstained altar of Trog.
  8103 | D:9      | Found a shadowy altar of Dithmenos.
  8161 | D:9      | Reached skill level 5 in Shields
  8170 | D:9      | Reached XP level 11. HP: 101/101 MP: 11/11
  8187 | D:9      | Found a basalt altar of Yredelemnul.
  8237 | D:9      | Reached skill level 5 in Armour
  8591 | D:9      | Found a staircase to the Lair.
  8694 | D:10     | Entered Level 10 of the Dungeon
  8984 | D:10     | Gained mutation: You occasionally shout uncontrollably at
                  | your foes. [potion of mutation]
  8984 | D:10     | Gained mutation: You do not regenerate when monsters are
                  | visible. [potion of mutation]
  8984 | D:10     | Gained mutation: You are somewhat resistant to further
                  | mutation. [potion of mutation]
  8985 | D:10     | Lost mutation: You are somewhat resistant to further
                  | mutation. [potion of mutation]
  8985 | D:10     | Lost mutation: You occasionally shout uncontrollably at
                  | your foes. [potion of mutation]
  8985 | D:10     | Lost mutation: You do not regenerate when monsters are
                  | visible. [potion of mutation]
  8985 | D:10     | Gained mutation: You are agile. (Dex +2) [potion of
                  | mutation]
  8985 | D:10     | Gained mutation: Your system is resistant to poisons.
                  | (rPois) [potion of mutation]
  8985 | D:10     | Gained mutation: You passively map a small area around you.
                  | [potion of mutation]
  8985 | D:10     | Gained mutation: You possess an exceptional clarity of
                  | mind. [potion of mutation]
  9009 | D:10     | Reached ****** piety under Cheibriados
  9724 | D:11     | Noticed a cyan ugly thing
  9739 | D:11     | Killed a cyan ugly thing
  9846 | D:11     | Noticed a cyclops
  9861 | D:11     | Killed a cyclops
  9937 | D:11     | Reached skill level 10 in Shields
 10022 | D:11     | Got a fine diamond amulet
 10073 | D:11     | Identified the amulet "Ristola" {RegenMP rElec MR+} (You
                  | found it on level 11 of the Dungeon)
 10074 | D:11     | Noticed a cyclops
 10089 | D:11     | Killed a cyclops
 10089 | D:11     | Reached XP level 12. HP: 112/112 MP: 12/12
 10597 | Lair:1   | Entered Level 1 of the Lair of Beasts
 10917 | Lair:1   | Noticed a six-headed hydra
 10939 | Lair:1   | Killed a 14-headed hydra
 11347 | Lair:1   | Noticed a seven-headed hydra
 11362 | Lair:1   | Killed a seven-headed hydra
 11798 | Lair:2   | Found a hole to the Spider Nest.
 12415 | Lair:2   | Noticed an eight-headed hydra
 12430 | Lair:2   | Killed an eight-headed hydra
 12937 | Lair:3   | Reached XP level 13. HP: 118/118 MP: 13/13
 13479 | Lair:3   | Reached skill level 15 in Shields
 13673 | Lair:3   | Found a staircase to the Shoals.
 13712 | Lair:3   | Reached skill level 1 in Invocations
 15547 | Lair:5   | Found a staircase to the Slime Pits.
 15553 | Lair:5   | Reached skill level 5 in Invocations
 15907 | Lair:5   | Reached skill level 10 in Armour
 16233 | Lair:6   | Entered Level 6 of the Lair of Beasts
 16284 | Lair:6   | Reached XP level 14. HP: 99/126 MP: 18/18
 16391 | Lair:6   | Found a frozen archway.
 16436 | IceCv    | Entered an ice cave
 18011 | IceCv    | Got a steaming scale mail
 18316 | IceCv    | Identified the +1 scale mail of Dayrok {rElec rC+ Regen+}
                  | (You found it in an ice cave)
 19594 | D:12     | Noticed Fannar
 19611 | D:12     | Killed Fannar
 19792 | D:12     | Noticed Josephine
 19801 | D:12     | Killed Josephine
 20544 | D:12     | Found Myvofac's Jewellery Boutique.
 20565 | D:12     | Bought an uncursed ring of see invisible for 225 gold
                  | pieces
 20799 | D:12     | Found Gesoer's Jewellery Shoppe.
 20818 | D:12     | Bought an uncursed ring of resist corrosion for 320 gold
                  | pieces
 20871 | D:12     | Found Git Waic's Antique Armour Shop.
 20874 | D:12     | Bought a pair of gloves for 139 gold pieces
 20874 | D:12     | Bought a shiny shield for 232 gold pieces
 20932 | D:12     | Found a staircase to the Orcish Mines.
 20961 | D:12     | Found Ufuuvoq's General Store.
 20968 | D:12     | Bought a scroll of enchant armour for 82 gold pieces
 21130 | D:12     | Found a roughly hewn altar of Beogh.
 21159 | D:12     | Found Sanaw's Antique Armour Emporium.
 21327 | Orc:1    | Entered Level 1 of the Orcish Mines
 21463 | Orc:1    | Found a bloodstained altar of Trog.
 21817 | Orc:2    | Entered Level 2 of the Orcish Mines
 22162 | Orc:1    | Reached XP level 15. HP: 27/139 MP: 20/20
 22812 | Orc:2    | Found Nofeb's General Store.
 22817 | Orc:2    | Found Zauxaf's Antique Weapon Shop.
 22830 | Orc:2    | Noticed an orc warlord
 22831 | Orc:2    | Found Difiomm's Antique Armour Shoppe.
 22848 | Orc:2    | Killed an orc warlord
 22848 | Orc:2    | Reached skill level 15 in Fighting
 23145 | Orc:2    | Found a staircase to the Elven Halls.
 23186 | Orc:2    | Bought a scroll of identify for 30 gold pieces
 23186 | Orc:2    | Bought a scroll of identify for 30 gold pieces
 23208 | Orc:2    | Found a roughly hewn altar of Beogh.
 23270 | Orc:2    | Found Maoh's Book Emporium.
 23281 | Orc:2    | Found Fyecsudd's Armour Shop.
 23309 | Orc:2    | Noticed Nessos
 23312 | Orc:2    | Found a roughly hewn altar of Beogh.
 23324 | Orc:2    | Killed Nessos
 23716 | Orc:1    | Noticed Urug
 23730 | Orc:1    | Killed Urug
 24764 | D:14     | Found Temun's Jewellery Shoppe.
 25249 | D:14     | Found Yhupont's Distillery.
 25371 | D:14     | You fall through a shaft!
 25371 | D:15     | Entered Level 15 of the Dungeon
 25729 | D:15     | Reached XP level 16. HP: 155/155 MP: 21/21
 25736 | D:15     | Paralysed by an ogre mage for 5 turns
 25759 | D:15     | Reached skill level 15 in Armour
 26086 | D:15     | Found a staircase to the Depths.
 26673 | D:14     | Found Witof's Distillery.
 26724 | D:14     | Found a gate to the Vaults.
 27153 | D:14     | Found Imezuut's Armour Shop.
 27211 | D:14     | Found Qaol's Book Shop.
 27222 | D:14     | Learned a level 2 spell: Blink
 27784 | Spider:1 | Entered Level 1 of the Spider Nest
 28698 | Spider:1 | Got a distressingly furry robe
 28709 | Spider:1 | Identified the cursed +0 robe "Xoekeug" {rN+} (You found it
                  | on level 1 of the Spider Nest)
 28731 | Spider:1 | Got a fine cloak
 28742 | Spider:1 | Identified the +1 cloak of the Cricket {rC+} (You found it
                  | on level 1 of the Spider Nest)
 28996 | Spider:1 | Found a runed door.
 29288 | Spider:2 | Noticed Kirke
 29297 | Spider:1 | Killed Kirke
 29297 | Spider:1 | Reached XP level 17. HP: 161/171 MP: 22/22
 29395 | Spider:2 | Got an ancient buckler
 29406 | Spider:2 | Identified the +3 buckler "Tajel" {rElec MR+ Int+2} (You
                  | found it on level 2 of the Spider Nest)
 30057 | Spider:2 | Noticed Agnes
 30071 | Spider:2 | Killed Agnes
 30755 | Spider:3 | Noticed Arachne
 30818 | Spider:3 | Killed Arachne
 32466 | Shoals:1 | Entered Level 1 of the Shoals
 32584 | Shoals:1 | Found a stormy altar of Qazlal.
 32668 | Shoals:1 | Reached skill level 1 in Translocations
 32747 | Shoals:1 | Reached skill level 10 in Invocations
 33798 | Shoals:1 | Found a gateway to a bazaar.
 33899 | Shoals:2 | Reached XP level 18. HP: 51/184 MP: 22/25
 34488 | Shoals:2 | Found a runed door.
 34488 | Shoals:2 | Found a shimmering altar of Xom.
 34488 | Shoals:2 | Noticed Udus's ghost (journeyman SpEn)
 34563 | Shoals:2 | Killed Udus's ghost
 35902 | Shoals:2 | Reached skill level 5 in Translocations
 36253 | Shoals:3 | Noticed Polyphemus
 36295 | Shoals:2 | Killed Polyphemus
 37205 | Shoals:3 | Noticed Ilsuiw
 37610 | Shoals:3 | Killed Ilsuiw
 37650 | Shoals:3 | Found Goxeam's Antique Armour Emporium.
 37738 | Shoals:3 | Found Ocyxor's Book Shoppe.
 37771 | Shoals:3 | Bought a book of Battle for 400 gold pieces
 37773 | Shoals:3 | Learned a level 1 spell: Infusion
 37776 | Shoals:3 | Learned a level 2 spell: Song of Slaying
 37780 | Shoals:3 | Learned a level 3 spell: Regeneration
 37828 | Shoals:3 | Reached skill level 1 in Charms
 38796 | D:12     | Bought a steaming plate armour for 868 gold pieces
 38808 | D:12     | Identified the +3 plate armour "Reepe Yn Mus" {rC+} (You
                  | bought it in a shop on level 12 of the Dungeon)
 39040 | Spider:4 | Entered Level 4 of the Spider Nest
 39100 | Spider:4 | Reached skill level 1 in Necromancy
 39101 | Spider:4 | Reached skill level 1 in Throwing
 39613 | Spider:4 | Reached XP level 19. HP: 147/195 MP: 0/26
 39824 | Spider:4 | Got a gossamer rune of Zot
 40366 | Spider:4 | Reached skill level 5 in Charms
 40986 | Orc:2    | Bought a scroll of fog for 30 gold pieces
 40998 | Elf:1    | Entered Level 1 of the Elven Halls
 40998 | Elf:1    | Found Suely's Weapon Shoppe.
 41008 | Elf:1    | Found Ereusuk's Armour Boutique.
 41085 | Elf:1    | Reached skill level 5 in Throwing
 41871 | Elf:1    | Identified the Handbook of Unholy Arts
 41913 | Elf:2    | Found Akikaivi's Weapon Shoppe.
 42066 | Elf:2    | Identified a scroll of acquirement
 42153 | Elf:2    | Found a runed gate.
 42153 | Elf:2    | Found a runed gate.
 42165 | Elf:2    | Found a runed gate.
 42554 | Elf:2    | Reached skill level 5 in Necromancy
 43132 | Elf:2    | Found Xiseot's Armour Shoppe.
 43582 | Elf:3    | Entered Level 3 of the Elven Halls
 43673 | Elf:3    | Found a magical portal.
 43679 | WizLab   | Entered Doroklohe's Tomb
 43820 | WizLab   | Noticed a greater mummy
 44117 | WizLab   | Identified the Almanac of Creative Black Arts
 44206 | Elf:3    | Noticed Roxanne
 44223 | Elf:3    | Killed Roxanne
 44227 | Elf:3    | Identified Roxanne's Grimoire of the Rocks (You took it off
                  | Roxanne on level 3 of the Elven Halls)
 44833 | Elf:3    | Noticed a Hell Sentinel
 44849 | Elf:3    | Reached XP level 20. HP: 135/203 MP: 25/27
 44856 | Elf:3    | Noticed a Brimstone Fiend
 45536 | Elf:3    | Noticed a Tzitzimitl
 45538 | Elf:3    | Reached skill level 10 in Throwing
 46830 | Elf:3    | Identified the Tome of Augmentations and the Glacier
 46905 | Elf:3    | Got a pitted platinum ring
 46910 | Elf:3    | Got a clouded diamond amulet
 46911 | Elf:3    | Identified the ring of Topes {Ice +Blink +Inv} (You found
                  | it on level 3 of the Elven Halls)
 46913 | Elf:3    | Identified the amulet "Amamut" {Inacc +Fly rC+ rN+++ Int-4}
                  | (You found it on level 3 of the Elven Halls)
 47025 | Elf:3    | Got an ancient amber ring
 47033 | Elf:3    | Got a crude hand axe {freeze}
 47034 | Elf:3    | Identified the ring of Bigax {Dex+4 SInv} (You took it off
                  | a deep elf high priest on level 3 of the Elven Halls)
 47036 | Elf:3    | Identified the cursed +1 hand axe of the Purple Skies
                  | {freeze, Str+2 Int+3} (You took it off a deep elf death
                  | mage on level 3 of the Elven Halls)
 47369 | D:14     | Bought a potion of heal wounds for 80 gold pieces
 47369 | D:14     | Bought 2 potions of curing for 96 gold pieces
 47369 | D:14     | Bought a potion of heal wounds for 80 gold pieces
 47422 | Vaults:1 | Entered Level 1 of the Vaults
 48098 | Vaults:1 | Found Qoodus's Antique Armour Boutique.
 48107 | Vaults:1 | Bought a shiny helmet for 165 gold pieces
 48796 | Vaults:1 | Reached XP level 21. HP: 213/213 MP: 28/28
 49883 | Vaults:2 | Found a staircase to the Crypt.
 49883 | Vaults:2 | Found a basalt altar of Yredelemnul.
 49884 | Vaults:2 | Found an ancient bone altar of Kikubaaqudgha.
 51306 | Vaults:3 | Cast into level 3 of the Abyss (a deep elf sorcerer)
 51472 | Abyss:3  | Found a radiant altar of Vehumet.
 51484 | Abyss:3  | Found a transporter.
 51660 | Abyss:3  | Found a sparkling altar of Nemelex Xobeh.
 51670 | Abyss:3  | Found a corrupted altar of Lugonu.
 51680 | Abyss:3  | Found a hazy altar of Hepliaklqana.
 51715 | Vaults:3 | Escaped the Abyss
 53319 | Vaults:4 | Reached XP level 22. HP: 214/224 MP: 27/29
 53697 | Vaults:4 | Identified the Volume of the Toxic Escort
 54554 | Vaults:4 | Found Delevin's General Store.
 54582 | Vaults:4 | Bought a scroll of enchant weapon for 120 gold pieces
 54582 | Vaults:4 | Bought a potion of curing for 48 gold pieces
 55370 | Depths:1 | Entered Level 1 of the Depths
 55890 | Depths:1 | Found a one-way gate leading to the halls of Pandemonium.
 55972 | Depths:1 | Found a hide-covered altar of Uskayaw.
 56031 | Depths:1 | Reached XP level 23. HP: 226/234 MP: 30/30
 56088 | Depths:1 | Cast into level 2 of the Abyss (tengu warrior)
 56089 | Abyss:2  | Found a corrupted altar of Lugonu.
 56198 | Abyss:2  | Lost mutation: You possess an exceptional clarity of mind.
                  | [a shining eye]
 56244 | Abyss:2  | Got a jewelled hand axe
 56245 | Abyss:2  | Identified the cursed +1 hand axe of Wuifoops {chop,
                  | Fragile +Inv rPois} (You found it on level 2 of the Abyss)
 56351 | Abyss:2  | Got a brightly glowing cloak
 56601 | Depths:1 | Escaped the Abyss
 56633 | Depths:1 | Identified the +1 cloak of Impatience {*Slow Str+6} (You
                  | found it on level 2 of the Abyss)
 56677 | Depths:1 | Found a gateway to Hell.
 56752 | Depths:1 | Cast into level 3 of the Abyss (a wizard)
 56827 | Abyss:3  | Gained mutation: You possess an exceptional clarity of
                  | mind. [a neqoxec]
 56831 | Abyss:3  | Gained mutation: Your mind is acute. (Int +2) [a neqoxec]
 57260 | Depths:1 | Escaped the Abyss
 57377 | Depths:1 | Found a radiant altar of Vehumet.
 57378 | Depths:1 | Found the -2 hat of the Alchemist {rElec rPois rF+ rC+ rN+
                  | MR+ rMut rCorr}
 57690 | D:14     | Bought a +1 large shield of reflection for 256 gold pieces
 57988 | Shoals:4 | Entered Level 4 of the Shoals
 58193 | Shoals:4 | Found Modymoej's Book Boutique.
 58198 | Shoals:4 | Found Ruriacuk's Distillery.
 58216 | Shoals:4 | Bought a potion of curing for 57 gold pieces
 58216 | Shoals:4 | Bought 2 potions of curing for 114 gold pieces
 58301 | Shoals:4 | Found Genoyhut's Distillery.
 58756 | Shoals:4 | Got a barnacled rune of Zot
 61110 | Depths:2 | Noticed Nikola
 61128 | Depths:2 | Killed Nikola
 61525 | Depths:2 | Reached XP level 24. HP: 242/242 MP: 30/30
 61955 | Depths:2 | Found a one-way gate to the infinite horrors of the Abyss.
 62508 | Depths:3 | Paralysed by a floating eye for 2 turns
 63592 | Depths:3 | Identified the Almanac of Snow
 64471 | Depths:4 | Identified the +2 leather armour of the Serpent {rF+ rC-
                  | MR+++ Dex+2} (You found it on level 4 of the Depths)
 65155 | Depths:4 | Noticed an ancient lich
 65252 | Depths:4 | Killed an ancient lich
 65548 | Depths:4 | Identified the cursed +1 ring mail of Decompression {+Fly
                  | Str+5 SInv} (You found it on level 4 of the Depths)
 65610 | Depths:4 | Found Gagiur's Gadget Shop.
 65610 | Depths:4 | Found Wong's Jewellery Shoppe.
 65611 | Depths:4 | Found Nuicrana's Jewellery Shoppe.
 65627 | Depths:4 | Bought an uncursed ring of positive energy for 340 gold
                  | pieces
 65907 | Depths:5 | Entered Level 5 of the Depths
 65907 | Depths:5 | Found a gateway to a ziggurat.
 65974 | Depths:5 | Reached XP level 25. HP: 190/250 MP: 28/30
 66779 | Depths:5 | Noticed Louise
 66792 | Depths:5 | Killed Louise
 66832 | Depths:5 | Noticed Jory
 66844 | Depths:5 | Killed Jory
 67196 | Depths:5 | Found a gate to the Realm of Zot.
 67858 | Vaults:5 | Entered Level 5 of the Vaults
 67862 | Vaults:5 | Reached skill level 27 in Fighting
 67862 | Vaults:5 | Reached skill level 1 in Hexes
 67862 | Vaults:5 | Reached skill level 5 in Hexes
 68083 | Vaults:5 | Noticed Boris
 68094 | Vaults:5 | Killed Boris
 68094 | Vaults:5 | Reached XP level 26. HP: 148/266 MP: 30/30
 68900 | Vaults:4 | Got a translucent lapis lazuli ring
 69876 | Vaults:5 | Got a flickering copper ring
 70342 | Vaults:5 | Identified the ring "Amunudal" {rElec MR+ Str-5 Dex+2
                  | Stlth+} (You took it off a tengu reaver on level 4 of the
                  | Vaults)
 70343 | Vaults:5 | Identified the ring of Exzehigi {*Contam rElec rN+ MR++
                  | Dex+4} (You took it off an ironheart preserver on level 5
                  | of the Vaults)
 70659 | Vaults:5 | Identified the Collected Works on Aid and the Voyage
 70793 | Vaults:5 | Got a silver rune of Zot
 71179 | Zot:1    | Entered Level 1 of the Realm of Zot
 71884 | Zot:1    | Reached XP level 27. HP: 273/273 MP: 30/30
 72008 | Zot:1    | Reached skill level 27 in Shields
 72705 | Zot:2    | Identified the +5 morningstar "Azejizo" {holy, rC++ rN+}
                  | (You found it on level 2 of the Realm of Zot)
 74931 | Zot:4    | Noticed an orb of fire
 76133 | Zot:5    | Entered Level 5 of the Realm of Zot
 76430 | Zot:5    | Noticed an ancient lich
 76442 | Zot:5    | Killed an ancient lich
 76664 | Zot:5    | Noticed an orb of fire
 76682 | Zot:5    | Gained mutation: You occasionally shout uncontrollably at
                  | your foes. [an orb of fire]
 76683 | Zot:5    | Killed an orb of fire
 76686 | Zot:5    | Noticed an ancient lich
 76699 | Zot:5    | Killed an ancient lich
 76883 | Zot:5    | Noticed an ancient lich
 76889 | Zot:5    | Noticed an ancient lich
 76899 | Zot:5    | Killed an ancient lich
 76920 | Zot:5    | Noticed an ancient lich
 76924 | Zot:5    | Killed an ancient lich
 77309 | Zot:5    | Noticed an orb of fire
 77322 | Zot:5    | Gained mutation: You are weak. (Str -2) [an orb of fire]
 77325 | Zot:5    | Killed an orb of fire
 77502 | Zot:5    | Killed an ancient lich
 77699 | Zot:5    | Noticed an orb of fire
 77701 | Zot:5    | Noticed an orb of fire
 77710 | Zot:5    | Noticed an orb of fire
 77710 | Zot:5    | Noticed an orb of fire
 77730 | Zot:5    | Gained mutation: You do not regenerate when monsters are
                  | visible. [an orb of fire]
 77734 | Zot:5    | Killed from afar by an orb of fire

Skill      XL: |  1  2  3  4  5  6  7  8  9 10 11 12 13 14 15 16 17 18 19 20 21 22 23 24 25 26 27 |
---------------+----------------------------------------------------------------------------------+-----
Axes           | 3 4 5 6 7 9 11 14 15 16 17 18 | 18.0
Fighting       | 6 10 12 14 17 20 22 23 24 25 27 | 27.0
Armour         | 4 5 10 13 14 15 17 18 19 25 | 25.8
Shields        | 5 10 14 15 16 19 22 24 25 26 27 | 27.0
Invocations    | 6 7 10 | 10.0
Translocations | 3 5 |  5.0
Charms         | 4 5 |  5.0
Necromancy     | 3 5 |  5.0
Throwing       | 3 8 12 | 12.0
Hexes          | 7 |  7.9

Action                   |  1- 3 |  4- 6 |  7- 9 | 10-12 | 13-15 | 16-18 | 19-21 | 22-24 | 25-27 || total
-------------------------+-------+-------+-------+-------+-------+-------+-------+-------+-------++-------
Melee: War axe           |   109 |   156 |   299 |       |       |       |   158 |       |       ||   722
       Hand axe          |       |       |    84 |   693 |  1386 |  1697 |   230 |   248 |       ||  4338
       Mace              |       |       |       |    27 |    60 |       |       |       |       ||    87
       Broad axe         |       |       |       |       |       |       |   793 |  1077 |  1190 ||  3060
 Fire: Blowgun           |       |       |       |       |     3 |       |       |       |       ||     3
Throw: Tomahawk          |       |       |       |     4 |       |    21 |   301 |   200 |   224 ||   750
       Throwing net      |       |       |       |       |       |     6 |       |       |       ||     6
       Javelin           |       |       |       |       |       |    12 |       |       |       ||    12
 Cast: Blink             |       |       |       |       |       |     7 |       |     1 |     5 ||    13
       Song of Slaying   |       |       |       |       |       |     2 |     2 |     2 |     1 ||     7
       Regeneration      |       |       |       |       |       |       |     9 |     5 |     3 ||    17
Invok: Bend Time         |       |       |     1 |       |       |       |       |     2 |       ||     3
       Slouch            |       |       |       |       |     2 |     2 |     6 |     3 |     7 ||    20
       Temporal Distorti |       |       |       |       |     1 |     7 |       |       |       ||     8
       Step From Time    |       |       |       |       |       |       |     1 |     1 |     5 ||     7
 Abil: Evoke Flight      |       |       |     1 |       |       |     1 |     2 |       |       ||     4
Evoke: Wand              |       |       |       |     9 |       |    15 |     7 |     4 |     6 ||    41
  Use: Scroll            |       |     6 |     5 |    15 |    13 |     8 |    17 |    10 |    14 ||    88
       Potion            |       |     1 |     2 |     3 |       |     6 |    13 |     7 |     9 ||    41
 Stab: Held in net/web   |       |       |       |       |       |     7 |       |       |       ||     7
       Confused          |       |       |       |       |       |     2 |     1 |       |     1 ||     4
       Petrified         |       |       |       |       |       |     2 |       |       |       ||     2
       Distracted        |       |       |       |       |       |       |     3 |     2 |     1 ||     6
  Eat: Chunk             |     1 |     3 |     7 |    11 |    15 |    10 |     1 |     4 |       ||    52
       Ration            |       |       |       |     1 |     2 |     6 |     8 |     6 |     8 ||    31
Armor: Scale mail        |     9 |       |       |       |    57 |    52 |       |       |       ||   118
       Plate armour      |    35 |   101 |    55 |       |       |    84 |   484 |   487 |   595 ||  1841
       Chain mail        |       |       |   106 |   245 |   576 |   779 |       |       |       ||  1706
       Skin              |       |       |       |     3 |       |       |       |       |       ||     3
       Troll leather arm |       |       |       |     1 |       |       |       |       |       ||     1
Dodge: Dodged            |    21 |    26 |    68 |   127 |   248 |   400 |   233 |   284 |   198 ||  1605
       Deflected         |       |       |       |       |    12 |     1 |       |       |       ||    13
Block: Shield            |    48 |    75 |   171 |   370 |   989 |  1400 |   880 |   620 |       ||  4553
       Reflection        |       |       |       |       |       |    56 |   109 |   178 |    85 ||   428
       Large shield      |       |       |       |       |       |       |       |   859 |  1619 ||  2478
